[Event "ICC tourney 1877 (15 10)"]
[Site "Internet Chess Club"]
[Date "2020.06.14"]
[Round "4"]
[White "Joshua1"]
[Black "Cbf577"]
[Result "1-0"]
[ICCResult "Black checkmated"]
[WhiteElo "1555"]
[BlackElo "1363"]
[Opening "QGA: 4...e6"]
[ECO "D26"]
[NIC "QG.05"]
[Time "16:26:22"]
[TimeControl "900+10"]

1. d4 d5 2. c4 dxc4 3. Nf3 e6 4. e3 Nf6 5. Bxc4 Bd6 6. Nc3 O-O 7. O-O Re8 8.
e4 e5 9. dxe5 Bxe5 10. Qxd8 Bxh2+ 11. Kxh2 Rxd8 12. Bf4 Nc6 13. Rad1 Ng4+
14. Kg1 Re8 15. Bb5 a6 16. Ba4 b5 17. Bc2 Nb4 18. Bb3 c5 19. Nd5 Rxe4 20.
Nxb4 Bf5 21. Nd5 Nf6 22. Nxf6+ gxf6 23. Bd5 Rxf4 24. Bxa8 Rg4 25. Rfe1 Rg6
26. Nh4 Rg5 27. Re8+ Kg7 28. Rdd8 Kh6 29. f4 Rh5 30. Nxf5+ Rxf5 31. g3 Rh5
32. Rg8 Rh3 33. Bf3 f5 34. Rd6+ f6 35. Rxf6# {Black checkmated} 1-0

[Event "ICC tourney 1877 (15 10)"]
[Site "Internet Chess Club"]
[Date "2020.06.14"]
[Round "4"]
[White "Sanyi9Pakh"]
[Black "tigerche207"]
[Result "0-1"]
[ICCResult "White resigns"]
[WhiteElo "1481"]
[BlackElo "1608"]
[Opening "English, 1...Nf6 (Anglo-Indian defense)"]
[ECO "A15"]
[NIC "EO.64"]
[Time "16:26:31"]
[TimeControl "900+10"]

1. c4 Nf6 2. g3 e6 3. Bg2 d5 4. cxd5 exd5 5. d4 Bf5 6. Nc3 Bb4 7. Bd2 O-O 8.
Nf3 Nbd7 9. O-O Re8 10. Re1 Bxc3 11. bxc3 Ne4 12. Nh4 Qf6 13. Nxf5 Qxf5 14.
f3 Nd6 15. Bf4 Nf6 16. Bxd6 cxd6 17. Qb1 Qd7 18. Qb3 Re3 19. f4 Qc6 20. Rac1
Rc8 21. Bf3 Rxc3 22. Rxc3 Qxc3 23. Qxb7 Qxe1+ 24. Kg2 Re8 25. Qxa7 Ne4 26.
Qd7 Kf8 27. Qc6 Qf2+ 28. Kh3 Qf1+ 29. Kh4 Qg1 30. Bxe4 Qxh2+ 31. Kg4 h5+ 32.
Kf3 dxe4+ 33. Ke3 Qxg3+ 34. Kd2 Qxf4+ {White resigns} 0-1

[Event "ICC tourney 1877 (15 10)"]
[Site "Internet Chess Club"]
[Date "2020.06.14"]
[Round "4"]
[White "pluto46"]
[Black "chief2006"]
[Result "0-1"]
[ICCResult "White resigns"]
[WhiteElo "1377"]
[BlackElo "1446"]
[Opening "R?ti: King's Indian attack (Barcza system)"]
[ECO "A07"]
[NIC "QP.09"]
[Time "16:33:39"]
[TimeControl "900+10"]

1. Nf3 d5 2. g3 Nf6 3. Bg2 c6 4. O-O Bf5 5. d3 e6 6. Bg5 Nbd7 7. Nc3 h6 8.
Bxf6 Nxf6 9. Re1 Be7 10. e4 Bh7 11. Ne5 O-O 12. Ng4 Nxg4 13. Qxg4 f5 14.
exf5 exf5 15. Qe2 Bd6 16. Qe6+ Kh8 17. Qe3 f4 18. gxf4 Bxf4 19. Qd4 Qh4 20.
h3 Bh2+ {White resigns} 0-1

[Event "ICC tourney 1877 (15 10)"]
[Site "Internet Chess Club"]
[Date "2020.06.14"]
[Round "4"]
[White "AbruptFir"]
[Black "brfong"]
[Result "1/2-1/2"]
[ICCResult "Game drawn by mutual agreement"]
[WhiteElo "1247"]
[BlackElo "1502"]
[Opening "Queen's pawn game"]
[ECO "A50"]
[NIC "QP.07"]
[Time "16:32:37"]
[TimeControl "900+10"]

1. d4 Nf6 2. c4 c6 3. Nc3 d5 4. Bg5 Bf5 5. Nf3 e6 6. e3 Nbd7 7. Bd3 Bxd3 8.
Qxd3 dxc4 9. Qxc4 Be7 10. O-O O-O 11. Qd3 Rc8 12. e4 h6 13. Bh4 c5 14. Rad1
cxd4 15. Qxd4 a6 16. e5 Nd5 17. Bxe7 Qxe7 18. Nxd5 exd5 19. Qxd5 Rc7 20.
Rfe1 Rfc8 21. h3 Nc5 22. Qd6 Qe8 23. Qd4 Ne6 24. Qd6 Nc5 25. Qd4 Ne6
{Game drawn by mutual agreement}
1/2-1/2

[Event "ICC tourney 1877 (15 10)"]
[Site "Internet Chess Club"]
[Date "2020.06.14"]
[Round "4"]
[White "VeronicaG"]
[Black "VibrantBroccoli"]
[Result "1-0"]
[ICCResult "Black checkmated"]
[WhiteElo "1525"]
[BlackElo "1478"]
[Opening "Queen's pawn game, Darooha variation "]
[ECO "D02"]
[NIC "QP.06"]
[Time "16:26:10"]
[TimeControl "900+10"]

1. Nf3 Nf6 2. d4 d5 3. g3 Bf5 4. Bg2 e6 5. c4 c6 6. Nc3 Nbd7 7. O-O Be7 8.
b3 h6 9. Bb2 g5 10. Re1 Ne4 11. Nd2 Nxc3 12. Bxc3 h5 13. e4 dxe4 14. Bxe4
Bxe4 15. Nxe4 Rh6 16. d5 cxd5 17. cxd5 Qb6 18. dxe6 Rxe6 19. Qxh5 O-O-O 20.
Nxg5 Rxe1+ 21. Rxe1 Bc5 22. Qf3 Qg6 23. Ne4 Bb6 24. Bb4 Kb8 25. Nd6 Nc5 26.
Bxc5 Rxd6 27. Bxd6+ Qxd6 28. Re8+ Bd8 29. Qxf7 Qd1+ 30. Kg2 Kc8 31. Re4 Qd6
32. Rc4+ Kb8 33. Qf4 Qxf4 34. Rxf4 Kc7 35. Re4 Bf6 36. Kf3 Kb6 37. Kg4 Bd8
38. Kf5 Kc5 39. h4 a5 40. h5 Kd5 41. h6 Bb6 42. h7 Bxf2 43. h8=Q Bxg3 44.
Qd8+ Kc6 45. Rc4+ Kb5 46. Qd5+ Ka6 47. Ra4 Bc7 48. Rc4 Bg3 49. Rc5 Bf2 50.
Rxa5+ Kb6 51. Rb5+ Ka6 52. Qxb7# {Black checkmated} 1-0

[Event "ICC tourney 1877 (15 10)"]
[Site "Internet Chess Club"]
[Date "2020.06.14"]
[Round "4"]
[White "steinutz"]
[Black "KrishnaSaketh"]
[Result "1-0"]
[ICCResult "Black resigns"]
[WhiteElo "1380"]
[BlackElo "1367"]
[Opening "Trompowsky attack (Ruth, Opocensk? opening)"]
[ECO "A45"]
[NIC "QP.07"]
[Time "16:26:40"]
[TimeControl "900+10"]

1. d4 Nf6 2. Bg5 h6 3. Bxf6 exf6 4. e3 d5 5. Bd3 c5 6. c3 c4 7. Bc2 Bd6 8.
Nd2 f5 9. Qf3 f4 10. e4 Qe7 11. e5 f6 12. Bg6+ Kf8 13. Qxf4 Bd7 14. Ngf3 Be8
15. Bxe8 Kxe8 16. O-O fxe5 17. dxe5 Rf8 18. exd6 Rxf4 19. dxe7 Kxe7 20.
Rfe1+ Kd6 21. Re8 Kd7 22. Rg8 g5 23. Re1 Kc7 24. Nd4 Rf7 25. Ree8 a6 26.
N2f3 g4 27. Ne6+ Kd7 28. Nfd4 Nc6 29. Rxa8 Nxd4 30. Nxd4 Re7 31. Kf1 h5 32.
Rac8 {Black resigns} 1-0

[Event "ICC tourney 1877 (15 10)"]
[Site "Internet Chess Club"]
[Date "2020.06.14"]
[Round "4"]
[White "PhaseShift"]
[Black "Chessplayer44"]
[Result "1-0"]
[ICCResult "Black checkmated"]
[WhiteElo "1686"]
[BlackElo "1187"]
[Opening "Queen's pawn"]
[ECO "A40"]
[NIC "QO.17"]
[Time "16:26:32"]
[TimeControl "900+10"]

1. d4 e6 2. Nf3 f5 3. g3 Nf6 4. Bg2 Be7 5. O-O d5 6. c4 c6 7. Nbd2 O-O 8.
Ne5 Nbd7 9. Nd3 Ne4 10. Qc2 b6 11. b3 Bb7 12. Nf3 Rc8 13. Bb2 c5 14. e3 cxd4
15. Nxd4 Ndc5 16. Bxe4 fxe4 17. Nxc5 bxc5 18. Nxe6 Qd6 19. Nxf8 Bxf8 20.
Rad1 Rd8 21. cxd5 Qg6 22. Ba3 Bc8 23. f3 Ba6 24. Rf2 Bd3 25. Qc3 Rxd5 26. f4
Qg4 27. Rdd2 Rh5 28. Rxd3 exd3 29. Qxd3 Qe6 30. Qc4 Rd5 31. Rd2 Qxe3+ 32.
Rf2 Qd4 33. Qxd4 cxd4 34. Bxf8 Kxf8 35. Rd2 Kf7 36. Kf2 Kf6 37. Ke2 Kf5 38.
Kd3 h5 39. Kc4 Ke4 40. Re2+ Kf3 41. Kxd5 Kxe2 42. Kxd4 Kf2 43. b4 Kg2 44. b5
Kxh2 45. a4 Kxg3 46. a5 h4 47. b6 h3 48. bxa7 Kg2 49. a8=Q+ Kg1 50. a6 h2
51. a7 h1=Q 52. Qxh1+ Kxh1 53. a8=Q+ Kg1 54. Qa2 g6 55. Ke3 g5 56. fxg5 Kh1
57. Kf3 Kg1 58. Qg2# {Black checkmated} 1-0

[Event "ICC tourney 1877 (15 10)"]
[Site "Internet Chess Club"]
[Date "2020.06.14"]
[Round "4"]
[White "HarleyQueen8"]
[Black "omegablitz"]
[Result "1-0"]
[ICCResult "Black resigns"]
[WhiteElo "1533"]
[BlackElo "1414"]
[Opening "QGD: exchange, positional line"]
[ECO "D35"]
[NIC "QO.16"]
[Time "16:26:40"]
[TimeControl "900+10"]

1. d4 d5 2. c4 e6 3. Nc3 Nf6 4. cxd5 exd5 5. Bg5 Be7 6. e3 O-O 7. Bd3 h6 8.
Bh4 b6 9. Nge2 Bb7 10. O-O c5 11. dxc5 bxc5 12. Qb3 Qd7 13. Bb5 Bc6 14. Bxc6
Nxc6 15. Bxf6 Bxf6 16. Nxd5 Be5 17. Rfd1 Qe6 18. Qc2 Rac8 19. Nef4 Bxf4 20.
Nxf4 Qe5 21. Rd5 Qe7 22. Qxc5 Qb7 23. Qb5 Qc7 24. Rc1 Nd4 25. Rxc7 Nxb5 26.
Rxc8 Rxc8 27. h3 Nc7 28. Rc5 Kf8 29. Nd5 Ke8 30. Rxc7 Rxc7 31. Nxc7+ Kd7 32.
Nb5 {Black resigns} 1-0

[Event "ICC tourney 1877 (15 10)"]
[Site "Internet Chess Club"]
[Date "2020.06.14"]
[Round "4"]
[White "combusken1123"]
[Black "poohfur"]
[Result "0-1"]
[ICCResult "White resigns"]
[WhiteElo "1315"]
[BlackElo "1436"]
[Opening "Giuoco Piano"]
[ECO "C54"]
[NIC "IG.02"]
[Time "16:26:44"]
[TimeControl "900+10"]

1. e4 e5 2. Nf3 Nc6 3. Bc4 Bc5 4. c3 Nf6 5. d4 exd4 6. cxd4 Bb4+ 7. Bd2 Nxe4
8. Bxb4 Nxb4 9. Bxf7+ Kxf7 10. Qb3+ d5 11. Qxb4 Re8 12. Ne5+ Kg8 13. O-O c5
14. Qa4 cxd4 15. Qxd4 Bh3 16. gxh3 Qg5+ 17. Ng4 h5 18. Qd1 Nf6 19. f3 hxg4
20. hxg4 Qe3+ 21. Kh1 d4 22. Na3 d3 23. Re1 Qd4 24. Nb5 Qf2 25. Rf1 Qxb2 26.
Qb3+ Qxb3 27. axb3 Re2 28. Rxa7 Rxa7 29. Nxa7 d2 30. Nb5 Re1 31. Nc3 Rxf1+
32. Kg2 d1=Q 33. Nxd1 Rxd1 34. g5 Nd5 35. Kg3 Rb1 36. f4 Rxb3+ {White
resigns} 0-1

[Event "ICC tourney 1877 (15 10)"]
[Site "Internet Chess Club"]
[Date "2020.06.14"]
[Round "4"]
[White "vinbiko"]
[Black "Kurguz1"]
[Result "1-0"]
[ICCResult "Black forfeits on time"]
[WhiteElo "1426"]
[BlackElo "1322"]
[Opening "Sicilian defense"]
[ECO "B20"]
[NIC "SI.48"]
[Time "16:26:29"]
[TimeControl "900+10"]

1. e4 c5 2. a3 Nc6 3. b4 d6 4. b5 Ne5 5. f4 Ng6 6. d4 cxd4 7. Qxd4 Nf6 8.
Nf3 Qb6 9. Bd3 Qxd4 10. Nxd4 e5 11. fxe5 dxe5 12. Nf3 Bc5 13. Nc3 O-O 14.
Na4 Bd6 15. Be3 b6 16. O-O Bb7 17. Nd2 Ng4 18. Rae1 Nxe3 19. Rxe3 Nf4 20.
Bc4 Rac8 21. g3 Ng6 22. Ref3 Rc7 23. h4 h5 24. Bd5 Bxd5 25. exd5 Rxc2 26.
Ne4 Bb8 27. Nac3 Ne7 28. d6 Nc8 29. d7 Nd6 30. Rd3 {Black forfeits on time}
1-0

[Event "ICC tourney 1877 (15 10)"]
[Site "Internet Chess Club"]
[Date "2020.06.14"]
[Round "4"]
[White "kralj8"]
[Black "blackmanrook"]
[Result "0-1"]
[ICCResult "White checkmated"]
[WhiteElo "1712"]
[BlackElo "1745"]
[Opening "Caro-Kann: two knights, 3...Bg4"]
[ECO "B11"]
[NIC "CK.01"]
[Time "16:26:12"]
[TimeControl "900+10"]

1. e4 c6 2. Nc3 d5 3. Nf3 Bg4 4. h3 Bh5 5. d4 e6 6. Be3 Nf6 7. e5 Nfd7 8. g4
Bg6 9. h4 h5 10. Ng5 Qb6 11. Rb1 Na6 12. Bxa6 Qxa6 13. f4 hxg4 14. Qxg4 Bxc2
15. Rc1 Bf5 16. Qg3 Qd3 17. Rd1 Qa6 18. Kf2 f6 19. Nf3 O-O-O 20. a3 Nb6 21.
Nd2 Nc4 22. Nxc4 Qxc4 23. Rc1 Qb3 24. Nd1 Qa2 25. Bd2 Kb8 26. Qc3 fxe5 27.
fxe5 Be7 28. Ne3 Bxh4+ 29. Ke2 Bg6 30. Qb4 a5 31. Qb6 Rdf8 32. Rh2 Bd8 33.
Rxh8 Rxh8 34. Qc5 Qxb2 35. Rg1 Be4 36. Nf1 Qb3 37. Rxg7 Qf3+ 38. Ke1 Bd3 39.
Qd6+ Ka8 40. Ng3 Rh1+ 41. Nxh1 Qe2# {White checkmated} 0-1

[Event "ICC tourney 1877 (15 10)"]
[Site "Internet Chess Club"]
[Date "2020.06.14"]
[Round "4"]
[White "reachraam"]
[Black "Leolix"]
[Result "0-1"]
[ICCResult "White resigns"]
[WhiteElo "1447"]
[BlackElo "1569"]
[Opening "QGD semi-Slav: 5...Nd7"]
[ECO "D45"]
[NIC "SL.08"]
[Time "16:26:52"]
[TimeControl "900+10"]

1. d4 d5 2. c4 c6 3. e3 Nf6 4. Nc3 e6 5. Nf3 Nbd7 6. a3 Bd6 7. c5 Bc7 8. b4
b6 9. Bb2 O-O 10. Be2 e5 11. dxe5 Nxe5 12. cxb6 axb6 13. Nxe5 Bxe5 14. h3
Ne4 15. Qc2 Bf5 16. Bd3 Qg5 17. Kf1 Rfe8 18. Bxe4 dxe4 19. Ne2 Bxb2 20. Qxb2
Be6 21. Qc2 b5 22. Qxe4 Bc4 23. Qxc6 Qe5 24. Re1 Rxa3 25. Qc5 Ra2 26. Qxe5
Rxe5 27. g4 Rd5 28. Rh2 Rxe2 29. Rxe2 Rd1+ 30. Kg2 Bxe2 31. Rh1 Bf3+ 32.
Kxf3 Rxh1 {White resigns} 0-1

[Event "ICC tourney 1877 (15 10)"]
[Site "Internet Chess Club"]
[Date "2020.06.14"]
[Round "4"]
[White "Krafterdudes"]
[Black "chessw23"]
[Result "1-0"]
[ICCResult "Black checkmated"]
[WhiteElo "1403"]
[BlackElo "1502"]
[Opening "QGD: classical variation (5.Bf4)"]
[ECO "D37"]
[NIC "QO.04"]
[Time "16:26:19"]
[TimeControl "900+10"]

1. d4 d5 2. c4 e6 3. Nf3 Nf6 4. Nc3 Be7 5. Bf4 O-O 6. e3 b6 7. Be2 Bb7 8.
O-O Nbd7 9. Rc1 c5 10. cxd5 exd5 11. Ne5 a6 12. Bf3 Ne4 13. dxc5 Nxc3 14.
Rxc3 Nxe5 15. Bxe5 bxc5 16. Rd3 c4 17. Rd4 Bf6 18. Bxf6 Qxf6 19. Qd2 Rab8
20. Rd1 h6 21. Rf4 Qe5 22. Bxd5 Bxd5 23. Qxd5 Qxd5 24. Rxd5 Rxb2 25. h3 Rc8
26. Rd7 f6 27. Re4 Kh7 28. Ree7 Rg8 29. Rc7 Rc2 30. Re4 Rxa2 31. Rexc4 Rb8
32. Rg4 Rg8 33. Ra7 h5 34. Rd4 Kg6 35. Rd6 a5 36. Rda6 Ra1+ 37. Kh2 Ra2 38.
Kg3 h4+ 39. Kf3 Ra4 40. Rxa5 Rc4 41. Ra4 Rxa4 42. Rxa4 Kg5 43. Ra5+ f5 44.
e4 g6 45. e5 Re8 46. Ke3 Re7 47. f4+ Kh6 48. Ra6 Kg7 49. Kd4 Kf7 50. Kd5
Rd7+ 51. Rd6 Re7 52. Rf6+ Kg7 53. Kd6 Ra7 54. Kc5 Ra2 55. Rd6 Rxg2 56. Rd7+
Kg8 57. e6 Re2 58. Kd6 Rd2+ 59. Ke7 Re2 60. Kf6 Ra2 61. Kxg6 Ra6 62. Rd8#
{Black checkmated}
1-0

[Event "ICC tourney 1877 (15 10)"]
[Site "Internet Chess Club"]
[Date "2020.06.14"]
[Round "4"]
[White "elytito2017"]
[Black "ajaccio111"]
[Result "0-1"]
[ICCResult "White resigns"]
[WhiteElo "1452"]
[BlackElo "1600"]
[Opening "Sicilian: O'Kelly variation"]
[ECO "B28"]
[NIC "SI.43"]
[Time "16:27:42"]
[TimeControl "900+10"]

1. e4 c5 2. Nf3 a6 3. b4 cxb4 4. a3 e6 5. axb4 Bxb4 6. c3 Be7 7. e5 d6 8.
Na3 dxe5 9. Nxe5 Nf6 10. d4 O-O 11. Bd3 b5 12. Qf3 Nd5 13. Nxb5 Bb7 14. c4
axb5 15. Rxa8 Bxa8 16. O-O Nb6 17. Qh3 f5 18. cxb5 Qxd4 19. Re1 Bd6 20. Nc6
Nxc6 21. bxc6 Bxc6 22. Bb1 Bd5 23. Be3 Qb4 24. Rc1 Nd7 25. f3 Nf6 26. Bd3
Qa3 27. Rd1 Bc5 28. Bxc5 Qxc5+ 29. Kh1 Rb8 30. Qg3 Qb4 31. Qe5 Qb3 32. Bc2
Qb2 33. h3 Qxe5 {White resigns} 0-1

[Event "ICC tourney 1877 (15 10)"]
[Site "Internet Chess Club"]
[Date "2020.06.14"]
[Round "4"]
[White "chesscracker40"]
[Black "TarraschKan"]
[Result "0-1"]
[ICCResult "White checkmated"]
[WhiteElo "1421"]
[BlackElo "1396"]
[Opening "French: Steinitz variation"]
[ECO "C11"]
[NIC "FR.04"]
[Time "16:26:46"]
[TimeControl "900+10"]

1. e4 e6 2. d4 d5 3. Nc3 Nf6 4. e5 Nfd7 5. f4 c5 6. Nf3 Nc6 7. Ne2 cxd4 8.
Nexd4 Qb6 9. Nb3 f6 10. Nfd4 Nxd4 11. Qxd4 fxe5 12. fxe5 Qxd4 13. Nxd4 Nxe5
14. Bb5+ Bd7 15. Nxe6 Bxb5 16. Nc7+ Kd7 17. Nxb5 Bc5 18. Bf4 Bb4+ 19. Kd1
Ng4 20. Rf1 Rhf8 21. Ke2 Rae8+ 22. Kd3 Re4 23. Bg3 Re3+ 24. Kd4 Rfe8 25. Rf4
R8e4+ 26. Rxe4 Rxe4+ 27. Kd3 Re3+ 28. Kd4 Re4+ 29. Kxd5 Nf6# {White
checkmated} 0-1

[Event "ICC tourney 1877 (15 10)"]
[Site "Internet Chess Club"]
[Date "2020.06.14"]
[Round "4"]
[White "watermelon"]
[Black "MIEMBR"]
[Result "1-0"]
[ICCResult "Black forfeits on time"]
[WhiteElo "1337"]
[BlackElo "1416"]
[Opening "Nimzo-Indian: Kmoch variation"]
[ECO "E20"]
[NIC "NI.30"]
[Time "16:26:20"]
[TimeControl "900+10"]

1. d4 Nf6 2. c4 e6 3. Nc3 Bb4 4. f3 c5 5. d5 b5 6. e4 d6 7. Bd3 O-O 8. Ne2
exd5 9. cxd5 c4 10. Bc2 Qe7 11. O-O Bc5+ 12. Kh1 a6 13. Bg5 Nbd7 14. Nd4 Ne5
15. Nc6 Nxc6 16. dxc6 Be6 17. Bxf6 Qxf6 18. f4 Qd4 19. Qxd4 Bxd4 20. Rad1
Bc5 21. f5 Bc8 22. Nd5 a5 23. b3 cxb3 24. Bxb3 a4 25. Bc2 b4 26. Ne7+ Kh8
27. Rfe1 Ra7 28. Nxc8 Rxc8 29. e5 dxe5 30. Rxe5 Bb6 31. Rb5 Ba5 32. Bxa4 h5
33. h3 Kh7 34. Rb7 Bb6 35. Rxa7 Bxa7 36. Rd7 Bb6 37. Rxf7 Kh6 38. g4 hxg4
39. hxg4 Rc7 40. Rxc7 Bxc7 41. Kg2 Kg5 42. Kf3 g6 43. fxg6 Kxg6 44. Ke4 Kf6
45. Kd4 Ke6 46. Kc5 Bd6+ 47. Kb6 Ke7 48. Kb7 Kd8 49. g5 Be5 50. g6
{Black forfeits on time}
1-0

[Event "ICC tourney 1877 (15 10)"]
[Site "Internet Chess Club"]
[Date "2020.06.14"]
[Round "4"]
[White "funchesser"]
[Black "wolfemonster"]
[Result "1-0"]
[ICCResult "Black forfeits on time"]
[WhiteElo "1410"]
[BlackElo "1435"]
[Opening "Sicilian defense"]
[ECO "B40"]
[NIC "SI.43"]
[Time "16:26:31"]
[TimeControl "900+10"]

1. e4 c5 2. Nf3 e6 3. c3 d5 4. exd5 exd5 5. Bb5+ Bd7 6. Qe2+ Qe7 7. O-O Qxe2
8. Bxe2 Bd6 9. Na3 a6 10. Re1 Ne7 11. d4 O-O 12. dxc5 Bxc5 13. Nc2 Nbc6 14.
Bf4 Bf5 15. Ne3 d4 16. Nxf5 Nxf5 17. Bd3 Nh6 18. b4 Ba7 19. cxd4 Ng4 20. Bf5
Nf6 21. Be5 Nd5 22. Rab1 Rfd8 23. a3 Nc3 24. Rbc1 Nb5 25. Be4 Nbxd4 26. Bxd4
Bxd4 27. Nxd4 Rxd4 28. Bxc6 bxc6 29. Rxc6 Rd3 30. Rxa6 Rdd8 31. Rxa8 Rxa8
32. Ra1 Kf8 33. f3 Ke7 34. a4 Kd6 35. Kf2 Kd5 36. Ke3 Kc4 37. b5 Kb4 38.
Rb1+ Ka5 39. Kd4 Rc8 40. b6 {Black forfeits on time} 1-0

[Event "ICC tourney 1877 (15 10)"]
[Site "Internet Chess Club"]
[Date "2020.06.14"]
[Round "4"]
[White "Mitochondria"]
[Black "MehPlayer"]
[Result "1/2-1/2"]
[ICCResult "Game drawn by mutual agreement"]
[WhiteElo "1611"]
[BlackElo "1469"]
[Opening "Nimzo-Indian: classical, 4...c5"]
[ECO "E38"]
[NIC "NI.22"]
[Time "16:26:21"]
[TimeControl "900+10"]

1. d4 Nf6 2. c4 e6 3. Nc3 Bb4 4. Qc2 c5 5. dxc5 Na6 6. a3 Bxc3+ 7. Qxc3 Nxc5
8. Nf3 O-O 9. e3 b6 10. Be2 d5 11. b4 Nce4 12. Qc2 Bb7 13. O-O Rc8 14. Bd3
dxc4 15. Be2 b5 16. Rd1 Qe7 17. Bb2 Rfd8 18. Rxd8+ Rxd8 19. Rd1 Rxd1+ 20.
Qxd1 h6 21. Nd4 a6 22. h3 Nd5 23. Bf3 Nec3 24. Qc2 Na4 25. Ba1 Qc7 26. Bxd5
Bxd5 27. Ne2 Nb6 28. Qc3 f6 29. Qd4 Nd7 30. Nc3 Bb7 31. f4 Qc6 32. Qd2 Nb6
33. Bb2 Nd5 34. Ne4 Nxe3 35. Qxe3 Qxe4 36. Qxe4 Bxe4 37. h4 Kf7 38. g3 Ke7
39. Kf2 Kd6 40. Ke3 Kd5 41. Bc3 e5 42. fxe5 fxe5 43. Bb2 g5 44. hxg5 hxg5
45. Bc3 g4 46. Bb2 Bf3 47. Bc3 e4 48. Bd2 c3 49. Bxc3 Kc4 50. Bd2 Kb3 51.
Bc1 Kc2 52. Bd2 Kd1 53. Bc3 Kc2 54. Bd2 Kb1 55. Be1 Ka2 56. Bd2 Kxa3 57. Be1
Kb3 58. Bd2 Kc4 59. Be1 Kd5 60. Bd2 Kc6 61. Bc3 Kd5 62. Bd2 Kc4 63. Be1 Kb3
64. Bd2 Kb2 65. Be1 Kb1 66. Bc3 Kc2 67. Bd2 {Game drawn by mutual agreement}
1/2-1/2

[Event "ICC tourney 1877 (15 10)"]
[Site "Internet Chess Club"]
[Date "2020.06.14"]
[Round "4"]
[White "Gurru235088"]
[Black "Pifischer"]
[Result "1-0"]
[ICCResult "Black resigns"]
[WhiteElo "1416"]
[BlackElo "1323"]
[Opening "Queen's pawn game"]
[ECO "E10"]
[NIC "QI.01"]
[Time "16:30:21"]
[TimeControl "900+10"]

1. d4 Nf6 2. c4 e6 3. Nf3 d5 4. cxd5 exd5 5. Bg5 Be7 6. Nc3 c6 7. e3 h6 8.
Bf4 Bf5 9. Bd3 Bxd3 10. Qxd3 Nbd7 11. O-O O-O 12. Rac1 Nh5 13. Bg3 Nxg3 14.
hxg3 Nf6 15. a3 a5 16. Na4 Ne4 17. Qb3 Rb8 18. Qb6 Bd6 19. Qxd8 Rfxd8 20.
Nc5 f5 21. Rfd1 Kf7 22. Nd2 Ke7 23. Ndb3 Bc7 24. Kf1 Rf8 25. Nd2 Rf6 26. b4
Bd8 27. Ndb3 b6 28. Nd3 a4 29. Nd2 Rc8 30. Nf3 Bc7 31. Nfe5 Bxe5 32. Nxe5 b5
33. Rc2 Re6 34. Rdc1 c5 35. bxc5 Nxc5 36. Rxc5 Rb8 37. Rc7+ Kf6 38. Rf7+
{Black resigns}
1-0

[Event "ICC tourney 1877 (15 10)"]
[Site "Internet Chess Club"]
[Date "2020.06.14"]
[Round "4"]
[White "saisneha"]
[Black "rcsong"]
[Result "1-0"]
[ICCResult "Black forfeits on time"]
[WhiteElo "1518"]
[BlackElo "1407"]
[Opening "Queen's Indian: Riumin variation"]
[ECO "E15"]
[NIC "QI.02"]
[Time "16:26:46"]
[TimeControl "900+10"]

1. d4 e6 2. c4 b6 3. Nf3 Nf6 4. g3 Bb4+ 5. Bd2 Be7 6. Bg2 Bb7 7. Nc3 O-O 8.
O-O d5 9. cxd5 exd5 10. Ne5 Nbd7 11. Bf4 Bd6 12. Rc1 a6 13. Qb3 c5 14. Nxf7
Rxf7 15. Bxd6 cxd4 16. Nxd5 Nxd5 17. Bxd5 Bxd5 18. Qxd5 Nf6 19. Qxd4 Rd7 20.
Rc6 b5 21. Rfc1 Ne8 22. Qd5+ Kh8 23. Rd1 Rc8 24. Qf5 h6 25. Rxa6 Rxd6 26.
Qf8+ Kh7 27. Raxd6 Nxd6 28. Qxd6 Qa5 29. Qe6 Rf8 30. e4 Qa4 31. Qd5 Qa7 32.
Rd2 Qc7 33. e5 Qc1+ 34. Kg2 Rc8 35. e6 Qe1 36. e7 Re8 37. Qd3+ Kh8 38. Re2
Qa5 39. Qd7 Qa8+ 40. f3 Kg8 41. Qxb5 Kf7 42. Qf5+ Kg8 43. Qd7 Kh7 44. b4 Qa6
45. b5 Qg6 46. b6 h5 47. b7 Qa6 48. Qf5+ Kg8 49. Qe6+ Qxe6 50. Rxe6 Kf7 51.
Re4 {Black forfeits on time} 1-0

[Event "ICC tourney 1877 (15 10)"]
[Site "Internet Chess Club"]
[Date "2020.06.14"]
[Round "4"]
[White "ChocolateBox"]
[Black "justice02"]
[Result "1/2-1/2"]
[ICCResult "Black stalemated"]
[WhiteElo "1565"]
[BlackElo "1592"]
[Opening "French: Winawer (Nimzovich) variation"]
[ECO "C15"]
[NIC "FR.08"]
[Time "16:26:16"]
[TimeControl "900+10"]

1. e4 e6 2. d4 d5 3. Nc3 Bb4 4. Qg4 Bxc3+ 5. bxc3 Nf6 6. Qxg7 Rg8 7. Qh6
Nxe4 8. Qe3 c5 9. Ne2 Nc6 10. dxc5 Qa5 11. g3 Qxc5 12. Qxc5 Nxc5 13. Bg2 Bd7
14. Be3 b6 15. O-O Ne5 16. Bd4 Nc4 17. Nf4 O-O-O 18. Nd3 Nxd3 19. cxd3 Na3
20. Bf6 Rde8 21. c4 Rg6 22. Bb2 Nc2 23. Rac1 Nb4 24. cxd5+ Kd8 25. Be4 f5
26. dxe6 Bxe6 27. Bf3 Nxa2 28. Ra1 Reg8 29. Be5 Kd7 30. d4 Bc4 31. Rxa2 Bxa2
32. Ra1 Bc4 33. Rxa7+ Ke6 34. Bh5 Bd5 35. Bxg6 hxg6 36. Ra6 Rc8 37. Rxb6+
Kf7 38. Rb1 Be4 39. Re1 Ke6 40. h3 Kd5 41. Kh2 Rc2 42. Kg1 Bf3 43. Ra1 Ke4
44. Kf1 Be2+ 45. Ke1 Bf3 46. Ra3 Rc1+ 47. Kd2 Rd1+ 48. Kc2 Re1 49. Ra6 Re2+
50. Kc3 Rxf2 51. Rxg6 Kd5 52. Rd6+ Ke4 53. h4 Rh2 54. Bf4 Rh1 55. Kc4 Be2+
56. Kc5 Kf3 57. Kd5 Kg4 58. Ke5 Bd3 59. Rg6+ Kh3 60. Kf6 Ra1 61. Kg5 Be4 62.
h5 Rd1 63. Be5 f4 64. gxf4 Rg1+ 65. Kf6 Bxg6 66. hxg6 Kh4 67. g7 Kh5 68. d5
Kh6 69. Kf7 Kh7 70. d6 Rxg7+ 71. Bxg7 {Black stalemated} 1/2-1/2

[Event "ICC tourney 1877 (15 10)"]
[Site "Internet Chess Club"]
[Date "2020.06.14"]
[Round "4"]
[White "andrewhzhang"]
[Black "capetarget"]
[Result "1/2-1/2"]
[ICCResult "Game drawn by repetition"]
[WhiteElo "1376"]
[BlackElo "1312"]
[Opening "Nimzovich-Larsen attack: modern variation"]
[ECO "A01"]
[NIC "VO.08"]
[Time "16:26:39"]
[TimeControl "900+10"]

1. b3 e5 2. Bb2 Nc6 3. e3 d5 4. Bb5 Bd6 5. c4 a6 6. Bxc6+ bxc6 7. d4 e4 8.
Ne2 Qg5 9. Ng3 Nf6 10. Nc3 h5 11. c5 h4 12. cxd6 hxg3 13. fxg3 Rxh2 14. Rxh2
Qxg3+ 15. Kd2 Qxh2 16. d7+ Bxd7 17. Qe2 Bg4 18. Qf2 Qh6 19. Qg3 Ra7 20. Ba3
Be6 21. Rc1 Nd7 22. Ne2 Bf5 23. Qf2 Bg4 24. Ng3 Nf6 25. Rxc6 a5 26. Nf5 Qg5
27. Nxg7+ Qxg7 28. Rxf6 Be6 29. Rf4 a4 30. Qe2 Bd7 31. Bc5 Ra8 32. b4 Rb8
33. a3 Bb5 34. Qf2 Bd3 35. Rf5 Bc4 36. Re5+ Kd8 37. Re7 Kc8 38. Rxf7 Qg4 39.
Rf4 Qh5 40. Rf5 Qg4 41. Rf4 Qh5 42. g4 Qh1 43. Qe1 Qg2+ 44. Qf2 Qh1 45. Qe1
Qg2+ 46. Kc1 Qa2 47. Qc3 Qg2 48. Qd2 Qg1+ 49. Kb2 Bd3 50. Qc1 Qg2+ 51. Kc3
Qa2 52. Qb2 Qc4+ 53. Kd2 Kb7 54. Rf7 Rh8 55. Bd6 Rc8 56. g5 Kb8 57. Bf4 Rg8
58. Rxc7 Qxc7 59. Qc3 Bc4 60. Qc2 Rxg5 61. Bxc7+ Kxc7 62. Qxa4 Rg2+ 63. Kc1
Rg1+ 64. Kb2 Rg2+ 65. Kc3 Re2 66. Qa7+ Kc6 67. Qc5+ Kd7 68. Qa7+ Kc6 69.
Qa8+ Kc7 70. Qa7+ Kc6 {Game drawn by repetition} 1/2-1/2